 Dungeon Crawl Stone Soup version 0.30-a0-341-g682706514a (webtiles) character file.

Game seed: 10105064111152403506

105 ytrimaz the Trooper (level 4, -2/52 HPs)
             Began as an Ogre Berserker on Nov 4, 2022.
             Was a Believer of Trog.
             Slain by a goblin
             ... wielding a +0 club
             ... led by Robin
              (3 damage)
             ... on level 3 of the Dungeon.
             The game lasted 00:02:01 (1952 turns).

ytrimaz the Trooper (Ogre Berserker)                Turns: 1952, Time: 00:02:02

Health: -2/52      AC:  3    Str: 22 (23) XL:     4   Next: 83%
Magic:  4/4        EV:  9    Int: 11 (14) God:    Trog [**....]
Gold:   195        SH:  0    Dex:  5 (8)  Spells: 3/3 levels left

rFire   + . .      SeeInvis .    a - +0 mace
rCold   + . .      Faith    .    (no shield)
rNeg    . . .      Spirit   .    b - +0 animal skin
rPois   .          Reflect  .    (helmet restricted)
rElec   .          Harm     .    i - scarf {rC+ rF+}
rCorr   .          Rampage  .    (gloves unavailable)
Will    .....                    (boots unavailable)
Stlth   +.........               (no amulet)
HPRegen 0.28/turn                h - +6 ring of intelligence
MPRegen 0.09/turn                (no ring)

@: on berserk cooldown, slowed, very slow
A: large, unfitting armour, tough skin 1
a: Renounce Religion, Berserk, Trog's Hand


You were on level 3 of the Dungeon.
You worshipped Trog.
Trog was pleased with you.
You visited 1 branch of the dungeon, and saw 3 of its levels.

You collected 195 gold pieces.


Innate Abilities, Weirdness & Mutations

You are too large for most types of armour.
You have tough skin. (AC +1)


   Skills:
 + Level 5.8 Fighting
 + Level 3.9 Maces & Flails
 - Level 2.6 Dodging


You had 3 spell levels left.
You didn't know any spells.
Your spell library was empty.

Inventory:

Hand Weapons
 a - a +0 mace (weapon)
Missiles
 e - 2 throwing nets (quivered)
Armour
 b - a +0 animal skin (worn)
 i - a scarf of resistance (worn)
   (You found it on level 2 of the Dungeon)
Jewellery
 h - a +6 ring of intelligence (left hand)
   (You found it on level 1 of the Dungeon)
Scrolls
 d - a scroll of magic mapping
 g - a scroll of vulnerability {unknown}
Potions
 c - 2 potions of berserk rage
 j - a potion of heal wounds {unknown}

Dungeon Overview and Level Annotations

Branches:
Dungeon (3/15) Zot: 16006

Altars:

Shops:
D:2

: #..## #. ##..## #.
#########..## #. #
#...........# ## #.
#.#####.##..####.
#.###)# #.###.##...
...#)#####.###....##
##.#g#)#........>####
#...g@)#.###.#####
#[.#.### #.# # #. #.#
#. #.# .. #.# .. #..
### ###


You could see a hobgoblin and a goblin.


Message History

A goblin and an endoplasm come into view.
The endoplasm quivers.
The goblin no longer looks unusually strong.
The hobgoblin hits you.
* * * LOW HITPOINT WARNING * * *
The endoplasm moves out of view.
Items here: )))) [[ ††.
You are too injured to fight recklessly! 😱 HP[-6]
You take 6 damage, and now have 16/78 hp.
Unknown command.
You closely miss the hobgoblin.
The goblin no longer looks unusually strong.
The goblin hits you with a +0 dagger.
* * * LOW HITPOINT WARNING * * *
The hobgoblin barely misses you. 😱 HP[-2]
You take 2 damage, and now have 14/78 hp.
You are too injured to fight recklessly!
You hit the hobgoblin.
You kill the hobgoblin!
Trog accepts your kill. The goblin hits you with a +0 dagger.
* * * LOW HITPOINT WARNING * * *
Unknown command. 😱 HP[-3]
You take 3 damage, and now have 11/78 hp.
You are too injured to fight recklessly!
You sock the goblin!
You feel the power of Trog in you as your rage grows.
You kill the goblin!
Trog accepts your kill.
The goblin hits you but does no damage. 😱 HP[+1]
Things that are here:
a +0 dagger; a +0 dagger; a goblin corpse Unknown command.
You are too injured to fight recklessly!
You feel a strong urge to attack something.
The goblin hits you with a +0 club.
* * * LOW HITPOINT WARNING * * *
Items here: )))) [[ ††. 😱 HP[-1]
You take 1 damage, and now have 11/78 hp.
Unknown command.
You sock the goblin!
You kill the goblin!
Trog accepts your kill.
You are too injured to fight recklessly!
You sock the endoplasm!
You kill the endoplasm!
Trog accepts your kill. 😱 HP[+1]
You are too injured to fight recklessly!
Unknown command.
You sock the goblin!
You kill the goblin!
Trog accepts your kill.
You are too injured to fight recklessly!
The goblin hits you with a +0 club.
* * * LOW HITPOINT WARNING * * *
A hobgoblin comes into view.
The goblin barely misses you.
Items here: )) ††. 😱 HP[-4]
You take 4 damage, and now have 8/78 hp.
Unknown command.
You closely miss the goblin. The goblin hits you with a +0 club.
* * * LOW HITPOINT WARNING * * *
The goblin hits you with a +0 dagger.
* * * LOW HITPOINT WARNING * * *
You are too injured to fight recklessly! 😱 HP[-6]
You take 6 damage, and now have 2/78 hp.
You hit the goblin.
You kill the goblin!
Trog accepts your kill.
The goblin completely misses you. 😱 HP[+1] Unknown command.
You are too injured to fight recklessly!
You are too injured to fight recklessly!
You sock the goblin!
You kill the goblin!
Trog accepts your kill.
You are no longer berserk.
You are exhausted.
You feel yourself slow down. 😱 HP[-1]
You now have 52 max hp (-26).
A goblin comes into view. It is wielding a +0 club.
You see here a +0 club.
It was a potion of degeneration.
There was something very wrong with that liquid.
You feel weakened.
You feel dopey.
You feel clumsy. The hobgoblin hits you.
* * * LOW HITPOINT WARNING * * *
The goblin closely misses you. The hobgoblin barely misses you.
The goblin hits you with a +0 club.
You die...

Skill      XL: |  1  2  3 |
---------------+----------+-----
Maces & Flails | 3 |  3.9
Fighting       | 5 |  5.8
Dodging        | |  2.6

Action                   |  1- 3 |  4- 6 || total
-------------------------+-------+-------++-------
Melee: Mace              |   133 |    28 ||   161
Invok: Berserk           |     1 |     1 ||     2
  Use: Scroll            |     3 |       ||     3
       Potion            |       |     1 ||     1
Armor: Animal skin       |    33 |     9 ||    42
Dodge: Dodged            |    99 |    13 ||   112

Levels and vault maps discovered:
D:1:      wheals_arrival_shading, layout_loops_ring,
          shapermc_ecumenical_altar_mp_highgroup
D:2:      layout_basic, serial_shops, shop
D:3:      layout_basic, slow_altar_2, nicolae_overflow_hidden_temple,
          dk_noncrumbling_3, kennysheep_generic_room_15, uniq_robin,
          uniq_terence, uniq_crazy_yiuf_cottage

Notes
Turn   | Place    | Note
-------+----------+-------------------------------------------
     0 | D:1      | ytrimaz the Ogre Berserker began the quest for the Orb.
     0 | D:1      | Reached XP level 1. HP: 24/24 MP: 1/1
     0 | D:1      | magus.rc [v1.9.6]
   113 | D:1      | Reached XP level 2. HP: 33/33 MP: 2/2
   116 | D:1      | Reached skill level 3 in Maces & Flails
   312 | D:1      | Found a faded altar of an unknown god.
   639 | D:1      | Reached XP level 3. HP: 40/41 MP: 3/3
   971 | D:2      | Found Riawki's Book Emporium.
  1042 | D:2      | Reached ** piety under Trog
  1418 | D:3      | Reached skill level 5 in Fighting
  1605 | D:3      | Noticed Terence
  1629 | D:3      | Killed Terence
  1630 | D:3      | Reached XP level 4. HP: 30/50 MP: 4/4
  1922 | D:3      | Noticed Robin
  1934 | D:3      | Killed Robin
  1938 | D:3      | HP: 16/78 [hobgoblin (6)]
  1943 | D:3      | HP: 11/78 [goblin/+0 club[Robin] (1)]
  1948 | D:3      | HP: 5/78 [goblin/+0 club[Robin] (3)]
  1948 | D:3      | HP: 2/78 [goblin/+0 dagger[Robin] (3)]
  1952 | D:3      | Slain by a goblin

Vanquished Creatures
  Terence (D:3)
  Robin (D:3)
  An adder (D:3)
  2 dart slugs (D:1)
  2 orcs (D:3)
  2 endoplasms
  2 giant cockroaches
  10 goblins
  2 hobgoblins
  2 jackals (D:1)
  5 kobolds
  2 quokkas (D:3)
  7 ball pythons
  3 bats
  7 frilled lizards
  5 rats
54 creatures vanquished.

Table legend:
 A = Non-vault XP
 B = Vault XP
 C = Vault XP percentage of total XP
 D = Non-vault monster count
 E = Vault monster count
 F = Vault count percentage of total count
                 A         B        C        D         E       F
            +---------+---------+-------+---------+---------+-------
      Total |      70 |      81 |  53.6 |      43 |      11 |  20.4
            +---------+---------+-------+---------+---------+-------
        D:1 |      38 |       0 |   0.0 |      24 |       0 |   0.0
        D:2 |       8 |       0 |   0.0 |       6 |       0 |   0.0
        D:3 |      24 |      81 |  77.1 |      13 |      11 |  45.8
            +---------+---------+-------+---------+---------+-------

Illustrated notes

Table legend:
 A = Kills in this place as a percentage of kills in entire the game.
 B = Kills by you in this place as a percentage of kills by you in the entire game.
 C = Kills by friends in this place as a percentage of kills by friends in the entire game.
 D = Other kills in this place as a percentage of other kills in the entire game.
 E = Experience gained in this place as a percentage of experience gained in the entire game.
 F = Experience gained in this place divided by the number of levels of this place that you have seen.
                   A       B       C       D       E      F
               +-------+-------+-------+-------+-------+----------------------
         Total | 100.0 | 100.0 |   N/A |   N/A | 100.0 |  50.3
       Dungeon | 100.0 | 100.0 |   N/A |   N/A | 100.0 |  50.3
               +-------+-------+-------+-------+-------+----------------------

Table legend: (Time is in decaauts)
 A = Elapsed time spent in this place.
 B = Non-inter-level travel time spent in this place.
 C = Inter-level travel time spent in this place.
 D = Time resting spent in this place.
 E = Time spent auto-exploring this place.
 F = Levels seen in this place.
 G = Mean time per level.
                   A        B        C        D        E       F      G
               +--------+--------+--------+--------+--------+-----+--------+
         Total |   1991 |   1928 |     63 |     45 |   1503 |   3 |  663.7 |
       Dungeon |   1991 |   1928 |     63 |     45 |   1503 |   3 |  663.7 |
               +--------+--------+--------+--------+--------+-----+--------+

Top non-repeatable levels by time:
     D:1: 860 daAuts
     D:3: 611 daAuts
     D:2: 519 daAuts
